AoeStats
← Abadengo

Arena

510737670Analyzed
4v4 RM · 22h ago on Oct 2, 2026· 46m 0s· 8 players
Game mode
Random Map
Map size
Large (8 player)
Population
200
Speed
Normal
Resources
Standard
Victory
Conquest
Starting age
Dark Age
Ending age
Imperial Age
RankedLock teamsTeams togetherTeam positionsShared explorationLock speedFull tech treeHidden civsTurbo modeCheats
Victory
Defeat
🇮🇳 Slavs · India
1369
+6
🇦🇪 Franks · United Arab Emirates
1319
+8
🇵🇱 Danes · Poland
1189
+12
🇵🇰 Britons · Pakistan
1015
+18
🇹🇼 Teutons · Taiwan
1223
-15
🇦🇺 Burmese · Australia
1154
-13
🇩🇪 Lithuanians · Germany
1096
-10
🇹🇼 Varangians · Taiwan
968
-17
altrnate15
wildknife_77
10:09 Feudal Age
12:15 Horse Collar
12:22 Double-Bit Axe
12:51 Loom
17:41 Castle Age
17:32 Wheelbarrow
19:16 Fervor
21:57 Bow Saw
21:49 Heavy Plow
21:43 Gold Mining
21:44 Stone Mining
23:13 Scale Barding Armor
23:18 Forging
23:00 Fletching
23:52 Hand Cart
30:48 Elite Skirmisher
31:29 Bodkin Arrow
31:34 Padded Archer Armor
34:41 Imperial Age
33:34 Chain Barding Armor
33:49 Iron Casting
33:47 Bloodlines
33:38 Husbandry
33:59 Leather Archer Armor
35:11 Fortified Wall
35:11 Masonry
34:42 Treadmill Crane
35:23 Ballistics
34:59 Murder Holes
34:57 Cavalier
36:15 Plate Barding Armor
35:08 Capped Ram
37:26 Crop Rotation
37:57 Two-Man Saw
38:33 Chemistry
38:04 Architecture
37:21 Paladin
38:31 Pikeman
39:12 Squires
39:14 Scale Mail Armor
39:15 Bracer
39:45 Ring Archer Armor
39:57 Conscription
40:04 Halberdier
43:54 Tower Shields
BLABLA_8686
8:53 Feudal Age
7:12 Loom
9:19 Feudal Age
14:34 Double-Bit Axe
14:30 Horse Collar
22:11 Castle Age
20:05 Fletching
23:04 Bodkin Arrow
23:34 Town Watch
25:54 Guard Tower
27:59 Stone Mining
35:56 Gold Mining
37:09 Scale Mail Armor
37:19 Forging
38:45 Wheelbarrow
41:20 Imperial Age
39:36 Chain Mail Armor
AreSheng
11:47 Feudal Age
10:33 Loom
16:21 Castle Age
14:10 Double-Bit Axe
14:08 Horse Collar
15:51 Gold Mining
17:49 Bow Saw
17:59 Scale Barding Armor
19:19 Heavy Plow
23:14 Husbandry
23:24 Bloodlines
24:00 Forging
25:30 Bloodlines
27:01 Stone Mining
27:30 Fortified Wall
27:01 Treadmill Crane
27:41 Ballistics
28:06 Wheelbarrow
29:05 Chain Barding Armor
29:20 Iron Casting
29:23 Fletching
31:11 Masonry
33:56 Imperial Age
33:31 Hand Cart
33:30 Bodkin Arrow
34:03 Cavalier
35:14 Heated Shot
35:52 Ballistics
36:12 Crop Rotation
36:44 Two-Man Saw
36:17 Conscription
36:46 Bracer
37:22 Plate Barding Armor
36:43 Pikeman
37:24 Squires
37:31 Scale Mail Armor
38:32 Blast Furnace
37:53 Halberdier
40:44 Chain Mail Armor
43:54 Architecture
KAROLLOKO
10:40 Feudal Age
11:41 Man-at-Arms
12:34 Scale Mail Armor
12:45 Forging
14:39 Double-Bit Axe
18:47 Arson
19:47 Horse Collar
23:13 Castle Age
22:02 Stone Mining
25:37 Chain Mail Armor
27:41 Wheelbarrow
27:52 Pikeman
29:07 Loom
29:07 Town Watch
29:35 Squires
32:33 Hamask
36:02 Imperial Age
35:19 Iron Casting
35:02 Hand Cart
34:59 Bow Saw
34:52 Heavy Plow
36:26 Town Patrol
36:06 Elite Jomsviking
38:06 Plate Mail Armor
38:44 Blast Furnace
38:51 Conscription
39:36 Chemistry
38:57 Ballistics
40:27 Onager
41:34 Northmen's Fury
42:22 Siege Onager
44:03 Siege Engineers
44:08 Masonry
KursedKnight993
10:39 Feudal Age
12:30 Double-Bit Axe
15:05 Castle Age
13:39 Horse Collar
16:01 Bow Saw
21:31 Heavy Plow
22:21 Gold Mining
25:40 Wheelbarrow
26:59 Hand Cart
29:56 Imperial Age
27:15 Loom
28:17 Gold Shaft Mining
27:33 Stone Mining
28:29 Scale Barding Armor
28:34 Forging
28:26 Husbandry
28:36 Bloodlines
29:34 Chain Barding Armor
28:56 Light Cavalry
31:38 Plate Barding Armor
30:24 Elite Boyar
31:43 Iron Casting
32:21 Detinets
33:28 Two-Man Saw
32:59 Crop Rotation
33:59 Conscription
34:40 Blast Furnace
34:42 Town Watch
38:46 Capped Ram
39:46 Fletching
40:17 Ballistics
40:57 Chemistry
40:09 Siege Ram
46:02 Bodkin Arrow
Abadengo
10:23 Feudal Age
14:14 Castle Age
12:13 Double-Bit Axe
22:39 Bow Saw
23:55 Wheelbarrow
23:53 Gold Mining
25:13 Hand Cart
26:01 Gold Shaft Mining
26:48 Loom
26:50 Town Watch
30:04 Imperial Age
27:30 Treadmill Crane
28:11 Ballistics
28:01 Scale Barding Armor
28:06 Forging
28:59 Husbandry
29:23 Chain Barding Armor
29:16 Stone Mining
30:31 Iron Casting
30:15 Cavalier
31:33 Plate Barding Armor
33:05 Blast Furnace
32:37 Coinage
31:53 Paladin
33:48 Banking
34:13 Conscription
33:54 Chivalry
35:56 Chemistry
Wild Nût Buster
12:02 Feudal Age
15:57 Castle Age
14:45 Stone Mining
19:02 Double-Bit Axe
21:44 Bow Saw
27:15 Fletching
28:38 Gold Mining
28:31 Horse Collar
31:07 Gold Shaft Mining
31:43 Yeomen
31:48 Treadmill Crane
32:29 Ballistics
32:12 Bodkin Arrow
32:17 Padded Archer Armor
37:03 Imperial Age
34:10 Crossbowman
34:58 Town Watch
35:02 Loom
37:35 Arbalester
38:18 Bracer
38:33 Leather Archer Armor
40:20 Chemistry
41:18 Ring Archer Armor
41:11 Conscription
41:51 Wheelbarrow
43:03 Hand Cart
42:48 Town Patrol
42:53 Heavy Plow
45:56 Caravan
46:26 Coinage
46:07 Guilds
47:05 Two-Man Saw
Connection lost

Rejoining the realm…

Still unreachable

The connection could not be restored.

Session expired

The server has moved on; the page needs a fresh start.